AoeStats
← Kulishaak

Four Lakes

508916090Analyzed
1v1 RM · 7d ago on Sep 24, 2026· 41m 44s· 2 players
Game mode
Random Map
Map size
Tiny (2 player)
Population
200
Speed
Normal
Resources
Standard
Victory
Conquest
Starting age
Dark Age
Ending age
Imperial Age
RankedLock teamsTeams togetherTeam positionsShared explorationLock speedFull tech treeHidden civsTurbo modeCheats
Victory
Defeat
1090
+18
🇨🇿 Saxons · Czechia
1134
-18
Kulishaak
1:44 Loom
10:07 Feudal Age
10:51 Double-Bit Axe
10:56 Man-at-Arms
11:33 Horse Collar
13:24 Arson
15:42 Fishing Lines
16:54 Fletching
17:33 Scale Mail Armor
19:23 Forging
20:12 Padded Archer Armor
25:02 Castle Age
22:58 Gold Mining
24:29 Stone Mining
25:12 Pikeman
25:47 Pikeman
26:44 Squires
27:57 Long Swordsman
28:24 Gambesons
39:59 Gillnets
41:41 Wheelbarrow
Help_Ukraine_vs_Russian_invasion
2:31 Loom
13:29 Feudal Age
13:09 Double-Bit Axe
13:19 Man-at-Arms
14:40 Gold Mining
14:19 Man-at-Arms
15:27 Forging
16:48 Wheelbarrow
16:18 Fishing Lines
21:48 Castle Age
22:33 Iron Casting
21:26 Long Swordsman
22:06 Squires
23:32 Medium Warships
23:12 Gillnets
23:31 Scale Barding Armor
23:36 Husbandry
27:35 Arson
30:40 Gillnets
31:42 Bow Saw
34:02 Stone Mining
40:56 Fletching
Connection lost

Rejoining the realm…

Still unreachable

The connection could not be restored.

Session expired

The server has moved on; the page needs a fresh start.